 Dungeon Sprint DCSS version 0.27-a0-203-gd48b2df3c9 (webtiles) character file.

Game seed: 13983323828992612073

41498 mhtbhm the Wrestler (level 14, -14/135 HPs)
             Began as an Octopode Transmuter on Jan 30, 2021.
             Was the Champion of Sif Muna.
             Killed from afar by an ice dragon (45 damage)
             ... with a blast of cold
             ... in the Dungeon (Sprint IX: "|||||||||||||||||||||||||||||").
             The game lasted 00:10:20 (5775 turns).

mhtbhm the Wrestler (Octopode Transmuter)           Turns: 5775, Time: 00:10:21

Health: -14/135    AC: 16    Str: 27    XL:     14   Next: 15%
Magic:  25/32      EV: 14    Int: 15    God:    Sif Muna [******]
Gold:   28         SH:  0    Dex: 13    Spells: 5/41 levels left

rFire    + + .     SeeInvis .     - Unarmed
rCold    . . .     Faith    .   (shield currently unavailable)
rNeg     . . .     Spirit   .   (helmet currently unavailable)
rPois    +         Reflect  .   (no amulet)
rElec    .         Harm     .   k - +3 ring of strength
rCorr    .         Rampage  .   l - +2 ring of evasion
Will     +....     NoTele   +   o - ring of protection from cold
Stlth    +++++.....             u - ring of poison resistance
HPRegen  0.32/turn              (no ring)
MPRegen  0.23/turn              (no ring)
                                (no ring)
                                (no ring)

@: short of breath, dragon-form, wereblooded, flying
A: giant, almost no armour, stealthy swim, amphibious, 8 rings, (constrict 8)
a: Breathe Fire, Stop Flying, End Transformation, Renounce Religion, Channel
Magic, Forget Spell, Divine Exegesis


You were in the Dungeon.
You worshipped Sif Muna.
Sif Muna was exalted by your worship.
You were a fearsome dragon!
You visited 1 branch You collected 1921 gold pieces.
You spent 1893 gold pieces at shops.

Inventory:

Jewellery
 k - a +3 ring of strength (left foreclaw)
 l - a +2 ring of evasion (right foreclaw)
 o - a ring of protection from cold (on tentacle)
 u - a ring of poison resistance (on tentacle)
 v - an uncursed ring of fire
Wands
 j - a wand of acid (11)
 m - a wand of paralysis (5)
 t - a wand of random effects (19)
Scrolls
 h - 4 scrolls of remove curse
 i - 2 scrolls of amnesia
 n - 2 scrolls of enchant weapon
 p - a scroll of fog
 s - 2 scrolls of identify
 x - 3 scrolls of fear
Potions
 b - 4 potions of curing
 d - 2 potions of haste
 e - 6 potions of magic
 f - 2 potions of might
 q - a potion of mutation
 r - a potion of ambrosia
 w - a potion of berserk rage


   Skills:
 + Level 6.5 Fighting
 + Level 12.6 Dodging
 + Level 12.5 Stealth
 + Level 23.5 Unarmed Combat
 + Level 14.0 Spellcasting
 + Level 16.8 Transmutations
 + Level 7.4 Ice Magic
 + Level 0.4 Poison Magic
 + Level 6.2 Evocations


You had 5 spell levels left.
You knew the following spells:

 Your Spells              Type           Power        Failure   Level
a - Beastly Appendage     Tmut           100%         0%          1
b - Wereblood             Tmut           57%          0%          2
c - Spider Form           Tmut/Pois      18%          1%          3
d - Ice Form              Ice/Tmut       47%          1%          4
e - Blade Hands           Tmut           28%          1%          5
f - Dragon Form           Tmut           28%          5%          7
g - Necromutation         Tmut/Necr      17%          100%        8
h - Statue Form           Tmut/Erth      23%          30%         6

Your spell library contained the following spells:

 Spells                   Type           Power        Failure   Level
 Freeze                   Ice            100%         1%          1
 Sting                    Tmut/Pois      100%         1%          1
 Passwall                 Tmut/Erth      29%          1%          2
 Frozen Ramparts          Ice            64%          1%          3
 Ignite Poison            Fire/Tmut/Pois 27%          1%          3
 Ozocubu's Armour         Ice            32%          1%          3
 Petrify                  Tmut/Erth      35%          1%          4
 Ensorcelled Hibernation  Hex/Ice        42%          2%          2
 Alistair's Intoxication  Tmut/Pois      24%          4%          5
 Irradiate                Conj/Tmut      17%          5%          5
 Yara's Violent Unravell  Hex/Tmut       17%          5%          5
 Animate Skeleton         Necr           20%          6%          1
 Apportation              Tloc           20%          6%          1
 Corona                   Hex            11%          6%          1
 Foxfire                  Conj/Fire      40%          6%          1
 Pain                     Necr           40%          6%          1
 Sandblast                Erth           20%          6%          1
 Shock                    Conj/Air       40%          6%          1
 Poisonous Vapours        Pois/Air       22%          9%          2
 Blink                    Tloc           N/A          10%         2
 Sublimation of Blood     Necr           5%           10%         2
 Hailstorm                Conj/Ice       21%          14%         4
 Summon Ice Beast         Ice/Summ       21%          14%         4
 Confusing Touch          Hex            10%          19%         3
 Conjure Flame            Conj/Fire      10%          19%         3
 Dazzling Flash           Conj/Hex       20%          19%         3
 Gell's Gravitas          Tloc           5%           19%         3
 Inner Flame              Hex/Fire       10%          19%         3
 Lesser Beckoning         Tloc           5%           19%         3
 Mephitic Cloud           Conj/Pois/Air  10%          19%         3
 Static Discharge         Conj/Air       10%          19%         3
 Stone Arrow              Conj/Erth      20%          19%         3
 Summon Guardian Golem    Hex/Summ       10%          19%         3
 Teleport Other           Tloc           10%          19%         3
 Tukima's Dance           Hex            10%          19%         3
 Vampiric Draining        Necr           5%           19%         3
 Metabolic Englaciation   Hex/Ice        10%          36%         5
 Olgreb's Toxic Radiance  Pois           11%          47%         4
 Animate Dead             Necr           5%           54%         4
 Cause Fear               Hex            5%           54%         4
 Dispel Undead            Necr           10%          54%         4
 Passage of Golubria      Tloc           N/A          54%         4
 Sticky Flame             Conj/Fire      10%          54%         4
 Agony                    Necr           10%          87%         5
 Fireball                 Conj/Fire      5%           87%         5
 Lightning Bolt           Conj/Air       5%           87%         5
 Silence                  Hex/Air        5%           87%         5
 Hydra Form               Tmut           28%          1%          6
 Eringya's Noxious Bog    Tmut/Pois      18%          28%         6
 Ozocubu's Refrigeration  Ice            16%          95%         7
 Iron Shot                Conj/Erth      5%           100%        6
 Malign Gateway           Summ/Tloc      5%           100%        7
 Discord                  Hex            5%           100%        8
 Disjunction              Tloc           5%           100%        8
 Lehudib's Crystal Spear  Conj/Erth      5%           100%        8
 Absolute Zero            Ice            16%          100%        9


Dungeon Overview and Level Annotations

Branches:
Dungeon (1/1)

Altars:
Cheibriados
Dithmenos
Elyvilon
Fedhas
Gozag
Hepliaklqana
Kikubaaqudgha
Makhleb
Nemelex Xobeh
Okawaru
Qazlal
Ru
Sif Muna
Trog
Uskayaw
Vehumet
Wu Jian
Xom
Yredelemnul
Zin
The Shining One
Beogh
Jiyva
Lugonu

Shops:
D [[}*


Innate Abilities, Weirdness & Mutations

You cannot wear most types of armour.
You are very stealthy in the water. (Stealth+)
You are amphibious.
You can wear up to eight rings at the same time.
((You can use your tentacles to constrict eight enemies at once.))
((Your skin changes colour to match your surroundings (Stealth+).))
((Your rubbery body absorbs attacks. (AC +1, EV +1)))


Message History

The ice dragon is severely wounded.
The bolt of acid misses the spriggan berserker.
Unknown command.
Evoke which item? (* to show all) (? for menu, Esc to quit)
Aiming: Corrosive Bolt
Press: ? - help, Shift-Dir - straight line, f/p - ice dragon
Aim: an ice dragon (heavily wounded, covered in acid, 19% to evade)
The bolt of acid hits the ice dragon!
The ice dragon is splashed with acid.
The ice dragon seems to be corroded for longer.
The ice dragon is almost dead.
The bolt of acid hits the spriggan berserker!
The spriggan berserker is splashed with acid!
The acid corrodes the spriggan berserker!
The spriggan berserker is moderately wounded.
The bolt of acid hits the stone giant!
The stone giant is splashed with acid.
The stone giant is lightly wounded.
You hear a shout!
The ice dragon breathes frost at you. The blast of cold hits you!!!
You die...

.▓.▓.▓.▓.▓.▓.▓.▓.▓
.▓.▓.▓.▓=▓.▓.▓.▓.▓
(▓.▓)▓.▓.▓.▓.▓.▓.▓
)▓.▓)▓.▓.▓.▓.▓.▓.▓
(▓.▓)▓.▓)▓.▓'▓.▓.▓
.▓.▓)▓.▓)▓.▓)▓.▓.▓
.▓.▓)▓.▓)▓.▓)▓.▓†▓
.▓.▓.▓.▓)▓.▓)▓.▓†▓
.▓.▓)▓.▓)▓.▓)▓.▓D▓
.▓)▓)▓.▓)▓.▓.▓.▓[▓
'▓.▓)▓.▓)▓.▓.▓.▓D▓
.▓.▓.▓.▓)▓.▓.▓.▓i▓
.▓.▓.▓.▓.▓.▓†▓.▓C▓
†▓.▓.▓.▓[▓.▓.▓.▓.▓
.▓.▓.▓.▓[▓.▓†▓.▓D▓
†▓.▓.▓.▓[▓.▓.▓.▓.▓
.▓.▓'▓.▓[▓.▓.▓)▓


You could see 2 ice dragons, a stone giant and a spriggan berserker
(regenerating, strong-willed, corroded).

Vanquished Creatures
  A fenstrider witch (D)
  A fire giant (D)
  Aizul (D)
  A stone giant (D)
  Azrael (D)
  Snorg (D)
  An ettin (D)
  A merfolk impaler (D)
  A fire dragon (D)
  A merfolk javelineer (D)
  Erolcha (D)
  2 naga warriors (D)
  A spriggan air mage (D)
  A rakshasa (D)
  3 hydras (D)
  A centaur warrior (D)
  An anaconda (D)
  2 alligators (D)
  A deep troll shaman (D)
  A two-headed ogre (D)
  An orc high priest (D)
  A deep troll earth mage (D)
  2 sea snakes (D)
  A bog body (D)
  2 swamp dragons (D)
  6 orc knights (D)
  An orb spider (shapeshifter) (D)
  An orc sorcerer (D)
  An ugly thing (D)
  2 wolf spiders (D)
  3 deep elf pyromancers (D)
  3 manticores (D)
  2 slime creatures (D)
  Maurice (D)
  An elephant (D)
  A moth of wrath (D)
  A merfolk siren (D)
  A naga mage (D)
  A torpor snail (D)
  4 black mambas (D)
  A water nymph (D)
  Psyche (D)
  2 yaktaurs (D)
  A demonic crawler (D)
  2 trolls (D)
  2 komodo dragons (D)
  2 polar bears (D)
  A raiju (shapeshifter) (D)
  4 jumping spiders (D)
  A hornet (D)
  A blink frog (D)
  A tarantella (D)
  2 wyverns (D)
  2 yaks (D)
  4 fire elementals (D)
  A warg (D)
  A vampire mosquito (D)
  A naga (D)
  6 water moccasins (D)
  2 hell hounds (D)
  10 orc warriors (D)
  7 wolves (D)
  2 centaurs (D)
  2 bullfrogs (D)
  A wight (D)
  A howler monkey (D)
  A hound (D)
  3 orc priests (D)
  6 orc wizards (D)
  A worker ant (D)
  An adder (D)
  A white imp (D)
  An adder skeleton (D)
  12 orcs (D)
  A giant cockroach (D)
  A goblin (D)
  2 hobgoblins (D)
  A bat (D)
  A leopard gecko zombie (D)
  A rat (D)
154 creatures vanquished.

Vanquished Creatures (others)
  A hell hound (D)
1 creature vanquished.

Grand Total: 155 creatures vanquished

Notes
Turn   | Place    | Note
-------+----------+-------------------------------------------
     0 | D        | mhtbhm the Octopode Transmuter began the quest for the Orb.
     0 | D        | Reached XP level 1. HP: 13/13 MP: 3/3
   153 | D        | Noticed a howler monkey
   153 | D        | Noticed a worker ant
   156 | D        | Reached skill level 4 in Unarmed Combat
   156 | D        | Reached XP level 2. HP: 15/18 MP: 3/5
   158 | D        | Killed a howler monkey
   159 | D        | Reached skill level 5 in Unarmed Combat
   159 | D        | Reached XP level 3. HP: 12/23 MP: 3/7
   161 | D        | Reached skill level 6 in Unarmed Combat
   165 | D        | Reached XP level 4. HP: 16/28 MP: 5/9
   171 | D        | Found a roughly hewn altar of Beogh.
   171 | D        | Found a snail-covered altar of Cheibriados.
   171 | D        | Found a shadowy altar of Dithmenos.
   171 | D        | Found a white marble altar of Elyvilon.
   171 | D        | Found a blossoming altar of Fedhas.
   171 | D        | Found an opulent altar of Gozag.
   172 | D        | Found a hazy altar of Hepliaklqana.
   173 | D        | Found a viscous altar of Jiyva.
   174 | D        | Found an ancient bone altar of Kikubaaqudgha.
   175 | D        | Found a corrupted altar of Lugonu.
   176 | D        | Found a burning altar of Makhleb.
   177 | D        | Found a sparkling altar of Nemelex Xobeh.
   178 | D        | Found an iron altar of Okawaru.
   179 | D        | Found a stormy altar of Qazlal.
   180 | D        | Found a sacrificial altar of Ru.
   181 | D        | Found a shimmering blue altar of Sif Muna.
   182 | D        | Found a bloodstained altar of Trog.
   183 | D        | Found a hide-covered altar of Uskayaw.
   184 | D        | Found a radiant altar of Vehumet.
   185 | D        | Found an ornate altar of the Wu Jian Council.
   186 | D        | Found a shimmering altar of Xom.
   187 | D        | Found a basalt altar of Yredelemnul.
   188 | D        | Found a glowing silver altar of Zin.
   189 | D        | Became a worshipper of Sif Muna the Loreminder
   190 | D        | Found a glowing golden altar of the Shining One.
   219 | D        | Learned a level 2 spell: Wereblood
   223 | D        | Learned a level 3 spell: Spider Form
   371 | D        | Noticed a two-headed ogre
   371 | D        | Noticed a hornet
   371 | D        | Noticed a centaur
   371 | D        | Noticed a bullfrog
   379 | D        | Killed a two-headed ogre
   379 | D        | Reached * piety under Sif Muna
   379 | D        | Killed a hornet
   380 | D        | Reached skill level 12 in Unarmed Combat
   380 | D        | Reached XP level 5. HP: 9/34 MP: 5/14
   380 | D        | Reached XP level 6. HP: 11/39 MP: 5/15
   380 | D        | Reached XP level 7. HP: 12/44 MP: 5/17
   380 | D        | Reached XP level 8. HP: 13/49 MP: 5/18
   384 | D        | Reached ** piety under Sif Muna
   615 | D        | Learned a level 4 spell: Ice Form
   621 | D        | Learned a level 5 spell: Blade Hands
   648 | D        | Noticed a deep elf pyromancer
   648 | D        | Noticed a komodo dragon
   648 | D        | Noticed a slime creature
   648 | D        | Noticed a slime creature
   655 | D        | Killed a deep elf pyromancer
   656 | D        | Reached skill level 13 in Unarmed Combat
   657 | D        | Killed a komodo dragon
   661 | D        | Reached XP level 9. HP: 54/54 MP: 13/20
   666 | D        | Killed a large slime creature
   666 | D        | Reached *** piety under Sif Muna
   667 | D        | Reached skill level 14 in Unarmed Combat
   836 | D        | Reached skill level 5 in Stealth
   839 | D        | Reached **** piety under Sif Muna
   847 | D        | Reached skill level 1 in Ice Magic
   858 | D        | Reached ***** piety under Sif Muna
   858 | D        | Identified Sif Muna's Compendium of Aerial Moulding (Sif
                  | Muna gifted it to you in the Dungeon)
   858 | D        | Received a gift from Sif Muna
   859 | D        | Reached skill level 15 in Unarmed Combat
   875 | D        | Learned a level 7 spell: Dragon Form
  1064 | D        | Noticed a torpor snail
  1064 | D        | Noticed a polar bear
  1064 | D        | Noticed an elephant
  1064 | D        | Noticed a komodo dragon
  1068 | D        | Noticed a polar bear
  1072 | D        | Reached XP level 10. HP: 60/60 MP: 17/23
  1072 | D        | Noticed a six-headed hydra
  1076 | D        | Killed a torpor snail
  1447 | D        | Killed an elephant
  1453 | D        | Reached skill level 16 in Unarmed Combat
  1673 | D        | Killed a six-headed hydra
  1674 | D        | Reached skill level 10 in Transmutations
  1675 | D        | Identified Sif Muna's Almanac of the Entourage and the
                  | Voyage (Sif Muna gifted it to you in the Dungeon)
  1675 | D        | Received a gift from Sif Muna
  1680 | D        | Reached skill level 10 in Spellcasting
  1835 | D        | Received a gift from Sif Muna
  1942 | D        | Noticed Maurice
  1949 | D        | Killed Maurice
  1950 | D        | Reached skill level 17 in Unarmed Combat
  1950 | D        | Reached XP level 11. HP: 61/66 MP: 20/25
  1956 | D        | Noticed Erolcha
  1968 | D        | Killed Erolcha
  2015 | D        | Identified Sif Muna's Disquisition on Mutagenic
                  | Confrontation (Sif Muna gifted it to you in the Dungeon)
  2015 | D        | Received a gift from Sif Muna
  2070 | D        | Learned a level 8 spell: Necromutation
  2167 | D        | Received a gift from Sif Muna
  2175 | D        | Noticed an orc knight
  2175 | D        | Noticed an orc knight
  2458 | D        | Killed an orc knight
  2459 | D        | Reached ****** piety under Sif Muna
  2596 | D        | Killed an orc knight
  2596 | D        | Identified Sif Muna's Disquisition on Battle Magic (Sif
                  | Muna gifted it to you in the Dungeon)
  2596 | D        | Received a gift from Sif Muna
  2597 | D        | Reached skill level 18 in Unarmed Combat
  2856 | D        | Found Xeip's Antique Armour Emporium.
  2856 | D        | Noticed an orc high priest
  2857 | D        | Noticed an orc knight
  2858 | D        | Noticed an orc sorcerer
  2862 | D        | Found Zying's Armour Shoppe.
  2862 | D        | Noticed an orc knight
  2864 | D        | Noticed a sixfirhy
  2867 | D        | Killed an orc high priest
  2872 | D        | Noticed a sixfirhy
  2873 | D        | Killed an orc knight
  2878 | D        | Noticed an orc knight
  2881 | D        | Killed an orc sorcerer
  2881 | D        | Received a gift from Sif Muna
  2882 | D        | Found Ekhazxovi's Gadget Emporium.
  2885 | D        | HP: 2/120 [orc knight/+0 battleaxe (32)]
  3306 | D        | Killed an orc knight
  3433 | D        | Killed an orc knight
  3642 | D        | Found Niagga's General Store.
  3647 | D        | Noticed an orc knight
  3661 | D        | Killed an orc knight
  3662 | D        | Reached skill level 19 in Unarmed Combat
  3688 | D        | Bought a manual of Transmutations for 1104 gold pieces
  3688 | D        | Bought a potion of haste for 100 gold pieces
  3690 | D        | Bought a wand of acid (4) for 208 gold pieces
  3690 | D        | Bought a wand of acid (11) for 390 gold pieces
  3692 | D        | Bought a wand of paralysis (5) for 91 gold pieces
  3863 | D        | Noticed Psyche
  3870 | D        | Killed Psyche
  3976 | D        | Noticed a deep elf pyromancer
  3976 | D        | Noticed a deep elf pyromancer
  3978 | D        | Killed a deep elf pyromancer
  3979 | D        | Reached skill level 5 in Ice Magic
  3980 | D        | Received a gift from Sif Muna
  3985 | D        | Reached XP level 12. HP: 72/72 MP: 18/27
  3990 | D        | Noticed an ettin
  3996 | D        | Killed an ettin
  3997 | D        | Noticed a rakshasa
  3999 | D        | Noticed a deep troll shaman
  4002 | D        | Killed a rakshasa
  4002 | D        | Received a gift from Sif Muna
  4002 | D        | Noticed a fire giant
  4003 | D        | Noticed a deep troll earth mage
  4005 | D        | Noticed a stone giant
  4008 | D        | Reached skill level 10 in Dodging
  4008 | D        | Killed a deep troll shaman
  4009 | D        | Reached skill level 20 in Unarmed Combat
  4011 | D        | Killed a fire giant
  4014 | D        | Killed a deep troll earth mage
  4019 | D        | Killed a stone giant
  4020 | D        | Reached skill level 10 in Stealth
  4344 | D        | Noticed a naga warrior
  4348 | D        | Identified Qooneisaa's Volume of Cold and Arcane Weapons
                  | (Sif Muna gifted it to you in the Dungeon)
  4348 | D        | Received a gift from Sif Muna
  4349 | D        | Noticed a naga warrior
  4352 | D        | Noticed an anaconda
  4355 | D        | Killed a naga warrior
  4366 | D        | Killed a naga warrior
  4367 | D        | Reached skill level 21 in Unarmed Combat
  4370 | D        | Killed an anaconda
  4370 | D        | Received a gift from Sif Muna
  4371 | D        | Reached XP level 13. HP: 62/81 MP: 24/29
  4390 | D        | Learned a level 6 spell: Statue Form
  4564 | D        | Reached skill level 15 in Transmutations
  4575 | D        | Identified Sif Muna's Reference Book on Orientation and
                  | Poisoning (Sif Muna gifted it to you in the Dungeon)
  4575 | D        | Received a gift from Sif Muna
  4757 | D        | Noticed a fenstrider witch
  4759 | D        | Paralysed by a fenstrider witch for 2 turns
  4762 | D        | Killed a fenstrider witch
  4767 | D        | Reached skill level 5 in Fighting
  4772 | D        | Reached skill level 22 in Unarmed Combat
  4779 | D        | Received a gift from Sif Muna
  4801 | D        | Noticed a merfolk javelineer
  4803 | D        | Noticed a merfolk impaler
  4806 | D        | Identified Sif Muna's Volume of the Rocks and Ice (Sif Muna
                  | gifted it to you in the Dungeon)
  4806 | D        | Received a gift from Sif Muna
  4815 | D        | Killed a merfolk javelineer
  4818 | D        | Reached skill level 5 in Evocations
  4821 | D        | HP: 6/124 [merfolk impaler/+1 trident of venom (15)]
  4822 | D        | Killed a merfolk impaler
  5259 | D        | Noticed Snorg
  5266 | D        | Killed Snorg
  5267 | D        | Reached skill level 23 in Unarmed Combat
  5365 | D        | Noticed Azrael
  5377 | D        | Noticed Aizul
  5379 | D        | Killed Azrael
  5379 | D        | Identified Sif Muna's Volume of Translocation and Evil
                  | Magic (Sif Muna gifted it to you in the Dungeon)
  5379 | D        | Received a gift from Sif Muna
  5395 | D        | Killed Aizul
  5396 | D        | Reached XP level 14. HP: 90/90 MP: 28/31
  5770 | D        | Noticed a stone giant
  5772 | D        | Identified Kakidd's Tome of Mutagenic Weightlessness (Sif
                  | Muna gifted it to you in the Dungeon)
  5772 | D        | Received a gift from Sif Muna
  5775 | D        | Killed from afar by an ice dragon

Illustrated notes

Levels and vault maps discovered:
D:        linesprint [early_d, line_temple, items_1, d_10, items_2, lair_1,
          lair_end, items_3, orc_1, orc_end, items_4, d_15, swamp_1, shoals_1,
          snake_1, spider_1, d_20, vaults_1, items_5, swamp_end, shoals_end,
          snake_end, spider_end, vaults_end, d_27, items_6, zot_1, zot_end,
          crypt_end, forest_end, elf_end, slime_end, tomb_end, abyss_end,
          pan_hell_end]

Skill      XL: |  1  2  3  4  5  6  7  8  9 10 11 12 13 14 |
---------------+-------------------------------------------+-----
Unarmed Combat | 4 5 6 12 13 15 17 19 21 23 | 23.5
Dodging        | 3 6 7 8 9 10 12 | 12.6
Spellcasting   | 3 6 7 9 10 11 12 13 14 | 14.0
Transmutations | 3 6 7 9 10 12 14 16 | 16.8
Stealth        | 3 4 6 7 9 10 12 | 12.5
Evocations     | 2 3 4 5 6 |  6.2
Fighting       | 2 3 4 6 |  6.5
Ice Magic      | 1 3 5 7 |  7.4
Poison Magic   | |  0.4

Action                   |  1- 3 |  4- 6 |  7- 9 | 10-12 | 13-15 || total
-------------------------+-------+-------+-------+-------+-------++-------
Melee: Unarmed           |    18 |     4 |    54 |   218 |    78 ||   372
       Constrict         |     7 |     1 |       |     2 |       ||    10
       Tentacles         |     4 |       |       |     4 |       ||     8
       Kick              |     5 |       |       |       |       ||     5
       Bite              |       |       |       |     6 |    11 ||    17
       Punch             |       |       |       |     5 |    11 ||    16
       Tailslap          |       |       |       |     5 |     8 ||    13
 Cast: Beastly Appendage |     2 |       |       |       |       ||     2
       Wereblood         |       |     1 |     3 |     8 |     2 ||    14
       Spider Form       |       |     1 |       |       |       ||     1
       Ice Form          |       |       |     3 |    11 |       ||    14
       Blade Hands       |       |       |       |     2 |       ||     2
       Dragon Form       |       |       |       |     2 |     5 ||     7
 Abil: Breathe Fire      |       |       |       |     2 |     4 ||     6
Evoke: Wand              |       |     3 |     1 |     3 |    11 ||    18
  Use: Potion            |     1 |       |     1 |     4 |     6 ||    12
       Scroll            |       |       |       |     5 |       ||     5
 Stab: Sleeping          |       |       |     1 |     1 |       ||     2
       Distracted        |       |       |       |     2 |       ||     2
       Invisible         |       |       |       |       |     2 ||     2
Armor: Skin              |       |       |     7 |    21 |    46 ||    74
Dodge: Dodged            |     8 |     7 |    22 |    90 |    48 ||   175

Table legend: (Time is in decaauts)
 A = Elapsed time spent in this place.
 B = Non-inter-level travel time spent in this place.
 C = Inter-level travel time spent in this place.
 D = Time resting spent in this place.
 E = Time spent auto-exploring this place.
 F = Levels seen in this place.
 G = Mean time per level.
                   A        B        C        D        E       F      G
               +--------+--------+--------+--------+--------+-----+--------+
         Total |   5658 |   5658 |      0 |   3278 |    991 |   1 | 5658.0 |
       Dungeon |   5658 |   5658 |      0 |   3278 |    991 |   1 | 5658.0 |
               +--------+--------+--------+--------+--------+-----+--------+

Top non-repeatable levels by time:
       D: 5658 daAuts
